 Dungeon Crawl Stone Soup version 0.28.0-45-g0d030f2227 (webtiles) character file.

Game seed: 11119751188863007760

18 RascalDebosk the Conjurer (level 2, 0/20 HPs)
             Began as a Draconian Conjurer on Apr 9, 2022.
             Slain by a jackal (2 damage)
             ... on level 2 of the Dungeon.
             The game lasted 00:09:27 (969 turns).

RascalDebosk the Conjurer (Draconian Conjurer)       Turns: 969, Time: 00:09:28

Health: 0/20       AC:  4    Str:  9    XL:     2   Next: 48%
Magic:  0/5        EV: 12    Int: 18    God:
Gold:   14         SH:  0    Dex:  9    Spells: 2/5 levels left

rFire   . . .      SeeInvis .   (no weapon)
rCold   . . .      Faith    .   (no shield)
rNeg    . . .      Spirit   .   (armour unavailable)
rPois   .          Reflect  .   (helmet restricted)
rElec   .          Harm     .   (no cloak)
rCorr   .          Rampage  .   (no gloves)
Will    .....                   (no boots)
Stlth   ++........              (no amulet)
HPRegen 0.06/turn               (no ring)
MPRegen 0.09/turn               (no ring)

@: no status effects
A: AC +4, unfitting armour, cold-blooded
a: no special abilities


You were on level 2 of the Dungeon.
You visited 1 branch of the dungeon, and saw 2 of its levels.

You collected 14 gold pieces.

Inventory:

Jewellery
 c - an amulet of magic regeneration
 d - an amulet of reflection
Potions
 a - a potion of brilliance {unknown}
 b - a potion of cancellation {unknown}


   Skills:
 + Level 2.1 Dodging
 + Level 2.1 Stealth
 + Level 2.2 Spellcasting
 + Level 4.2 Conjurations


You had 2 spell levels left.
You knew the following spells:

 Your Spells              Type           Power      Damage    Failure   Level
a - Magic Dart            Conj           68%        1d6       3%          1
b - Searing Ray           Conj           34%        2d5       4%          2

Your spell library contained the following spells:

 Spells                   Type           Power      Damage    Failure   Level
 Dazzling Flash           Conj/Hex       18%        N/A       22%         3
 Fulminant Prism          Conj/Hex       4%         3d6       58%         4
 Iskenderun's Mystic Bla  Conj/Tloc      9%         2d4       58%         4


Dungeon Overview and Level Annotations

Branches:
Dungeon (1/15)

Altars:


Innate Abilities, Weirdness & Mutations

Your plain brown scales are hard. (AC +4)
You cannot fit into any form of body armour.
You are cold-blooded and may be slowed by cold attacks.


Message History

Aiming: Magic Dart (safe; 3% risk of failure)
Press: ? - help, Q - select action, (/) - cycle Shift-Dir - straight line, f - jackal
Aim: a jackal (100% to hit)
You miscast Magic Dart.
You are very lightly contaminated with residual magic.
Nothing appears to happen.
The jackal barely misses you.
The jackal bites you but does no damage.
The jackal barely misses you. The jackal bites you.
The jackal barely misses you. x2
Aiming: Magic Dart (safe; 3% risk of failure)
Press: ? - help, Q - select action, (/) - cycle Shift-Dir - straight line, f/p - jackal
Aim: a jackal (100% to hit)
The magic dart hits the jackal.
The jackal is almost dead.
The jackal barely misses you. The jackal bites you. x2
The jackal bites you. The jackal closely misses you. The jackal bites you.
Your magical contamination has completely faded away.
You see here a jackal corpse.
The jackal completely misses you. The jackal barely misses you.
You see here a +0 leather armour.
The jackal closely misses you.
The jackal bites you but does no damage.
The jackal barely misses you. The jackal bites you.
The water moccasin skeleton bites you. The jackal bites you.
The jackal misses you. The jackal barely misses you.
The jackal closely misses you. The jackal barely misses you.
The water moccasin skeleton bites you!
* * * LOW HITPOINT WARNING * * *
Aiming: Magic Dart (safe; 3% risk of failure)
Press: ? - help, Q - select action, (/) - cycle Shift-Dir - straight line, f/p - jackal
Aim: a jackal (almost dead, 100% to hit)
The magic dart hits the jackal.
You kill the jackal!
The water moccasin skeleton bites you.
* * * LOW HITPOINT WARNING * * *
The jackal bites you.
You die...

.## ...##
##### ####...
#...#
.......###...#
........##...#
#........#...#
#.....$.#.h@#
##........†Z†#
........##...#
.........#[..#
##.......#...#
#.......#...#
##....?######
##>..## ####


You could see a jackal and a water moccasin skeleton.

Vanquished Creatures
  2 endoplasms (D:1)
  A goblin (D:1)
  2 hobgoblins (D:1)
  3 jackals (D:2)
  A quokka (D:1)
  3 ball pythons (D:1)
  2 bats (D:1)
  A kobold (D:1)
  4 rats
19 creatures vanquished.

Notes
Turn   | Place    | Note
-------+----------+-------------------------------------------
     0 | D:1      | RascalDebosk the Draconian Conjurer began the quest for the
                  | Orb.
     0 | D:1      | Reached XP level 1. HP: 14/14 MP: 3/3
   483 | D:1      | Reached XP level 2. HP: 9/20 MP: 0/5
   719 | D:1      | Learned a level 2 spell: Searing Ray
   943 | D:1      | You fall into a shaft and drop 1 floor!
   969 | D:2      | Slain by a jackal

Illustrated notes

Levels and vault maps discovered:
D:1:      kennysheep_arrival_forest, layout_basic, serial_forest,
          infiniplex_forest_corner_1, infiniplex_forest_clump_double,
          infiniplex_forest_lined_4_way, infiniplex_forest_clump_small,
          infiniplex_forest_lined_2, infiniplex_forest_clump_small,
          infiniplex_forest_end_2
D:2:      layout_rooms, ebering_ecumenical_altar_sacrificial

Skill      XL: |  1 |
---------------+----+-----
Dodging        | 2 |  2.1
Stealth        | 2 |  2.1
Spellcasting   | |  2.2
Conjurations   | |  4.2

Action                   || total
-------------------------++-------
Melee: Unarmed           ||     3
       Tailslap          ||     1
 Cast: Magic Dart        ||    30
       Searing Ray       ||     2
Armor: Skin              ||     7
Dodge: Dodged            ||    38
